 Dungeon Crawl Stone Soup version bcrawl-1.27.6 (webtiles) character file.

Game seed: 16507579353170497952

245542 Faustar the Summoner (level 11, -15/54 HPs)
             Began as an Avariel Summoner on Oct 2, 2020.
             Was a Priest of Sif Muna.
             Demolished by a death scarab (25 damage)
             ... in a Gauntlet.
             The game lasted 00:43:06 (12926 turns).

Faustar the Summoner (Avariel Summoner)            Turns: 12926, Time: 00:43:07

Health: -15/54     AC:  4    Str:  6    XL:     11   Next: 12%
Magic:  15/27      EV: 12    Int: 25    God:    Sif Muna [***...]
Gold:   696        SH:  0    Dex: 13    Spells: 1/30 levels left

rFire    . . .     SeeInvis .   b - +0 whip
rCold    . . .     Gourm    .   (no shield)
rNeg     . . .     Faith    .   a - +0 robe
rPois    .         Spirit   .   (no helmet)
rElec    .         Reflect  .   k - +0 cloak
rCorr    .         Harm     .   (no gloves)
MR       +....     NoTele   +   J - +0 pair of boots
Stlth    ++........             (no amulet)
HPRegen  0.18/turn              (no ring)
MPRegen  0.20/turn              (no ring)

@: divine energy
A: able to fly
a: Fly, Stop Divine Energy, Channel Magic, Renounce Religion


You were in a Gauntlet.
You worshipped Sif Muna.
Sif Muna was most pleased with you.
You were not hungry.

You visited 3 branches of the dungeon, and saw 12 of its levels.
You also visited: Sewer and Gauntlet.

You collected 696 gold pieces.

Inventory:

Hand Weapons
 b - a +0 whip (weapon)
 H - the +1 long sword of True Grit {freeze, rElec rF+, unknown}
   (You found it on level 1 of the Lair of Beasts)

   It has been specially enchanted to freeze those struck by it, increasing
   damage dealt by approximately one third against foes not resistant or
   susceptible to cold, and potentially slowing cold-blooded foes.
   It protects you from fire.
   It insulates you from electricity.
Armour
 a - a +0 robe (worn)
 k - a +0 cloak (worn)
 J - a +0 pair of boots (worn)
Jewellery
 E - a +5 ring of dexterity {unknown}
Wands
 o - a wand of random effects (5)
 w - a wand of flame (30)
 x - a wand of disintegration (18)
 y - a wand of clouds (5)
 z - a wand of digging (8)
 K - a wand of acid (3)
Scrolls
 c - a scroll of summoning
 f - 3 scrolls of remove curse
 h - 6 scrolls of blinking {unknown}
 i - 11 scrolls of teleportation {unknown}
 j - a scroll of amnesia
 m - a scroll of fear
 n - a scroll of enchant armour {unknown}
 v - 3 scrolls of enchant weapon {unknown}
 A - 2 scrolls of immolation {unknown}
 B - 2 scrolls of fog {unknown}
 C - 2 scrolls of magic mapping
Potions
 d - 5 potions of agility
 l - a potion of haste {unknown}
 p - a potion of berserk rage
 r - 4 potions of curing
 s - 3 potions of heal wounds
 t - 2 potions of flight
 u - 4 potions of brilliance
 D - a potion of lignification
 F - a potion of degeneration
 G - a potion of mutation
 I - a potion of cancellation
 M - a potion of resistance
Comestibles
 e - 18 rations {!d}


   Skills:
 - Level 2.1 Dodging
 - Level 2.1 Stealth
 - Level 10.0 Spellcasting
 - Level 7.0 Hexes
 + Level 14.0 Summonings
 - Level 5.0 Ice Magic
 - Level 6.0 Air Magic


You had one spell level left.
You knew the following spells:

 Your Spells              Type           Power        Failure   Level  Hunger
a - Summon Small Mammal   Summ           ####         0%          1    None
b - Call Imp              Summ           ######       1%          2    None
c - Call Canine Familiar  Summ           ######..     1%          3    None
d - Slow                  Hex            #####...     1%          1    None
e - Summon Ice Beast      Ice/Summ       ######..     1%          4    #......
f - Summon Lightning Spi  Summ/Air       ######..     2%          5    ####...
g - Summon Mana Viper     Hex/Summ       ######..     1%          5    ####...
h - Throw Frost           Conj/Ice       ####..       1%          2    None
i - Summon Hydra          Summ           ######....   2%          6    #####..

Your spell library contained the following spells:

 Spells                   Type           Power        Failure   Level  Hunger
 Summon Butterflies       Summ           ######..     0%          1    None
 Freeze                   Ice            #####.       1%          1    None
 Apportation              Tloc           ##....       4%          1    None
 Beastly Appendage        Tmut           ##....       4%          1    None
 Flame Tongue             Conj/Fire      ##...        4%          1    None
 Infusion                 Chrm           ##......     4%          1    None
 Sandblast                Erth           ##....       4%          1    None
 Ensorcelled Hibernation  Hex/Ice        #####.       1%          2    None
 Recall                   Summ/Tloc      N/A          1%          3    None
 Passwall                 Tmut/Erth      ##......     8%          2    None
 Sticks to Snakes         Tmut           ##......     8%          2    None
 Silence                  Hex/Air        #####.....   10%         5    ####...
 Monstrous Menagerie      Summ           ######....   13%         7    ######.
 Conjure Flame            Conj/Fire      ##......     14%         3    None
 Spider Form              Tmut/Pois      ##.          14%         3    None
 Ice Form                 Ice/Tmut       ####....     17%         4    #......
 Summon Horrible Things   Summ           ######....   71%         8    #######
 Blade Hands              Tmut           ##........   80%         5    ####...
 Conjure Ball Lightning   Conj/Air       ####......   91%         6    #####..
 Deflect Missiles         Chrm/Air       ####......   91%         6    #####..
 Fire Storm               Conj/Fire      ##........   100%        9    #######
 Tornado                  Air            #####.....   100%        9    #######


Dungeon Overview and Level Annotations

Branches:
Dungeon (8/12)             Temple (1/1) D:5            Lair (3/6) D:8
 Shoals (0/3) Lair:3
  Snake: Lair:2-4    Spider: Lair:2-4       Orc: D:8-11

Altars:
Cheibriados
Dithmenos
Elyvilon
Fedhas
Hepliaklqana
Kikubaaqudgha
Lugonu
Makhleb
Ru
Sif Muna
Vehumet
Wu Jian
Xom
Zin
The Shining One

Shops:
D:4 (   D:8 (

Annotations:
D:8 3 runed translucent doors, Banto's ghost, novice DsGl; Faustar's ghost, novice AvCj; harry2680's ghost, novice TrBe; pheathergobbo575's ghost, novice MiFi; yrara's ghost, novice DsFi
Lair:2 2 transporters, Faustar's ghost, journeyman TrMA Gauntlet 15 transporters


Innate Abilities, Weirdness & Mutations

You can fly continuously.


Message History

Casting: Summon Mana Viper (safe; 1% risk of failure)
Confirm with . or Enter, or press ? or * to list all spells.
A four-headed hydra appears.
The death scarab closely misses you.
Casting: Summon Hydra (safe; 2% risk of failure)
Confirm with . or Enter, or press ? or * to list all spells.
A four-headed hydra appears.
Your four-headed hydra disappears in a puff of smoke!
The death scarab barely misses you. x2
You swap places.
The death scarab bites you!!
The death scarab draws strength from your injuries!
The death scarab bites the plant!
The death scarab drains the plant's vigour!
Your four-headed hydra barely misses the death scarab.
Your four-headed hydra bites the death scarab. x2
Your four-headed hydra closely misses the death scarab.
The death scarab bites you!!
* * * LOW HITPOINT WARNING * * *
The death scarab draws strength from your injuries!
The death scarab bites you!!
You die...

................©.......#
########...###########..#
.......#...#.........#..#
##.##..#...#..P...P..#..#
..#..#.#...#.P#P..#..#..#
..#..#.###.#.PPP..P..#..#
#####..#©#.#....D....#..#
.. ©.#.#.#.#....sDP..#..#
..#..#.#.#.#..#P@P#..#..#
##.##..#.#.#.......P.#..#
.. ....#.#.#..$)©....#..#
## #####.#############..#
.. ....#........©#......#
########.#########.....8#
....#..#.#..........#####
...#..3#.#.........8#
...#...#.#..#########


You could see a seven-headed hydra, a death scarab and a friendly four-headed
hydra.

Vanquished Creatures
  A necrophage (D:6)
  A centaur (D:4)
  A killer bee (D:7)
  A worker ant zombie (D:5)
  An adder skeleton (D:4)
  A dart slug (D:3)
  An orc (D:7)
  A ball python (D:1)
  A giant cockroach (D:1)
  A goblin (D:1)
  A hobgoblin (D:1)
  A kobold (D:1)
  2 bats
  2 frilled lizards (D:1)
  2 rats
18 creatures vanquished.

Vanquished Creatures (collateral kills)
  2 hydras
  A two-headed ogre (D:8)
  A manticore (Lair:2)
  5 cane toads
  4 komodo dragons
  2 trolls
  6 hippogriffs
  Sigmund (D:2)
  A wyvern (Lair:2)
  4 yaks (Lair:2)
  3 wargs (D:8)
  8 crocodiles
  3 water moccasins
  6 porcupines
  2 sky beasts
  3 orc warriors
  2 black bears (D:8)
  2 phantoms
  4 ogres
  8 centaurs
  A necrophage (D:6)
  7 bullfrogs
  2 big kobolds
  Blork the orc (D:5)
  A scorpion (D:5)
  8 killer bees
  4 howler monkeys
  8 crimson imps
  A bullfrog zombie (D:6)
  A bullfrog skeleton (D:6)
  3 jellies
  9 orc priests
  3 hounds
  Terence (D:2)
  5 orc wizards
  6 hell rats (Lair:2)
  9 worker ants
  A worker ant zombie (D:6)
  9 adders
  5 river rats (Lair:2)
  A shadow imp (D:6)
  3 oozes
  An adder skeleton (D:4)
  4 worms
  6 leopard geckos
  36 orcs
  6 bats
  7 giant cockroaches
  5 goblins
  4 hobgoblins
  15 jackals
  21 kobolds
  3 quokkas
  3 ball pythons
  3 frilled lizards
  A quokka skeleton (D:5)
  7 rats
  2 fungi (Lair:2)
281 creatures vanquished.

Vanquished Creatures (others)
  A fungus (Lair:1)
  10 plants
11 creatures vanquished.

Grand Total: 310 creatures vanquished

Notes
Turn   | Place    | Note
-------+----------+-------------------------------------------
     0 | D:1      | Faustar the Avariel Summoner began the quest for the Orb.
     0 | D:1      | Reached XP level 1. HP: 10/10 MP: 6/6
   318 | D:1      | Reached skill level 5 in Summonings
   754 | D:1      | Reached XP level 2. HP: 6/15 MP: 4/8
   759 | D:1      | Learned a level 2 spell: Call Imp
  1378 | D:1      | Reached XP level 3. HP: 14/19 MP: 7/10
  1623 | D:2      | Learned a level 3 spell: Call Canine Familiar
  1635 | D:2      | Noticed Terence
  1661 | D:2      | Killed Terence
  1720 | D:2      | Found a corrupted altar of Lugonu.
  1953 | D:2      | Found a shimmering altar of Xom.
  1956 | D:2      | Found a glowing golden altar of the Shining One.
  1958 | D:2      | Found a shadowy altar of Dithmenos.
  1973 | D:2      | Found an ornate altar of the Wu Jian Council.
  2254 | D:2      | Noticed Sigmund
  2272 | D:2      | Killed Sigmund
  2272 | D:2      | Reached skill level 6 in Summonings
  2272 | D:2      | Reached XP level 4. HP: 24/24 MP: 9/12
  2272 | D:2      | Reached XP level 5. HP: 28/28 MP: 10/14
  2313 | D:2      | Found a sacrificial altar of Ru.
  2656 | D:3      | Learned a level 1 spell: Slow
  2842 | D:3      | Reached skill level 1 in Hexes
  3159 | D:3      | Noticed an orc warrior
  3183 | D:3      | Killed an orc warrior
  3183 | D:3      | Reached XP level 6. HP: 32/32 MP: 6/15
  3581 | D:4      | HP: 1/32 [centaur/arrow (5)]
  3586 | D:4      | Reached skill level 5 in Spellcasting
  3940 | D:4      | Noticed an orc warrior
  4006 | D:4      | Killed an orc warrior
  4276 | D:4      | Reached skill level 7 in Summonings
  4276 | D:4      | Reached XP level 7. HP: 36/36 MP: 1/17
  4286 | D:4      | Learned a level 4 spell: Summon Ice Beast
  4520 | D:4      | Found Vehi's Antique Weapon Emporium.
  4795 | D:5      | Entered Level 5 of the Dungeon
  4813 | D:5      | Found a staircase to the Ecumenical Temple.
  4823 | D:5      | Reached skill level 1 in Ice Magic
  4830 | Temple   | Entered the Ecumenical Temple
  4994 | Temple   | Became a worshipper of Sif Muna the Loreminder
  5045 | D:5      | Found a glowing drain.
  5066 | Sewer    | Entered a sewer
  5628 | D:5      | Noticed a hippogriff
  5648 | D:5      | Killed a hippogriff
  5648 | D:5      | Reached * piety under Sif Muna
  5818 | D:5      | Noticed Blork the orc
  5834 | D:5      | Killed Blork the orc
  6227 | D:5      | Received a gift from Sif Muna
  6235 | D:5      | Learned a level 5 spell: Summon Lightning Spire
  6256 | D:5      | Reached skill level 5 in Ice Magic
  6256 | D:5      | Reached XP level 8. HP: 36/41 MP: 10/18
  6326 | D:5      | Reached skill level 1 in Air Magic
  6969 | D:6      | HP: 1/41 [orc priest/divine providence (10)]
  6985 | D:6      | Reached skill level 5 in Air Magic
  7167 | D:6      | Noticed a hippogriff
  7170 | D:6      | Reached ** piety under Sif Muna
  7174 | D:6      | Killed a hippogriff
  7613 | D:7      | Identified Mugif's Grimoire of Igneous Cold (Sif Muna
                  | gifted it to you on level 7 of the Dungeon)
  7613 | D:7      | Received a gift from Sif Muna
  7613 | D:7      | Reached skill level 8 in Summonings
  7723 | D:7      | Found a snail-covered altar of Cheibriados.
  7752 | D:7      | Gained mutation: You can fly continuously. [Avariel growth]
  7752 | D:7      | Reached XP level 9. HP: 44/45 MP: 7/21
  7885 | D:7      | Noticed a troll
  7924 | D:7      | Killed a troll
  8345 | D:8      | Found Igepats's Antique Weapon Boutique.
  8386 | D:8      | Reached skill level 9 in Summonings
  8768 | D:8      | Found a runed translucent gate.
  8768 | D:8      | Noticed harry2680's ghost (novice TrBe)
  8769 | D:8      | Noticed pheathergobbo575's ghost (novice MiFi)
  8769 | D:8      | Noticed yrara's ghost (novice DsFi)
  8769 | D:8      | Noticed Faustar's ghost (novice AvCj)
  8770 | D:8      | Found a runed translucent gate.
  8770 | D:8      | Found a runed translucent gate.
  8770 | D:8      | Noticed Banto's ghost (novice DsGl)
  9020 | D:8      | Found a glowing silver altar of Zin.
  9043 | D:8      | Noticed a two-headed ogre
  9051 | D:8      | Killed a two-headed ogre
  9065 | D:8      | Reached skill level 10 in Summonings
  9274 | D:8      | Found a staircase to the Lair.
  9295 | D:8      | Received a gift from Sif Muna
  9303 | D:8      | Learned a level 5 spell: Summon Mana Viper
  9322 | D:8      | Noticed a troll
  9333 | D:8      | Killed a troll
  9333 | D:8      | Reached skill level 10 in Spellcasting
  9454 | D:8      | Learned a level 2 spell: Throw Frost
  9666 | Lair:1   | Entered Level 1 of the Lair of Beasts
  9666 | Lair:1   | Noticed a komodo dragon
  9674 | Lair:1   | Killed a komodo dragon
  9674 | Lair:1   | Reached XP level 10. HP: 29/50 MP: 3/26
  9771 | Lair:1   | Noticed a cane toad
  9780 | Lair:1   | Killed a cane toad
  9780 | Lair:1   | Reached skill level 5 in Hexes
  9957 | Lair:1   | Noticed a five-headed hydra
  9965 | Lair:1   | Killed a five-headed hydra
 10140 | Lair:1   | Noticed a cane toad
 10144 | Lair:1   | Killed a cane toad
 10144 | Lair:1   | Reached *** piety under Sif Muna
 10144 | Lair:1   | Reached skill level 11 in Summonings
 10145 | Lair:1   | Noticed a cane toad
 10150 | Lair:1   | Killed a cane toad
 10270 | Lair:1   | Noticed a cane toad
 10278 | Lair:1   | Killed a cane toad
 10697 | Lair:1   | Got a slimy long sword
 11234 | Lair:1   | Learned a level 6 spell: Summon Hydra
 11240 | Lair:2   | Identified Sif Muna's Papyrus of the Entourage (Sif Muna
                  | gifted it to you on level 2 of the Lair of Beasts)
 11240 | Lair:2   | Received a gift from Sif Muna
 11240 | Lair:2   | Reached skill level 12 in Summonings
 11414 | Lair:2   | Noticed Faustar's ghost (journeyman TrMA)
 11422 | Lair:2   | Found a transporter.
 11426 | Lair:2   | Found a transporter.
 11519 | Lair:2   | Noticed a cane toad
 11526 | Lair:2   | Killed a cane toad
 11700 | Lair:2   | Noticed a manticore
 11705 | Lair:2   | Killed a manticore
 11705 | Lair:2   | Reached skill level 13 in Summonings
 11944 | Lair:2   | Reached XP level 11. HP: 54/54 MP: 17/27
 12166 | Lair:2   | Noticed an eight-headed hydra
 12177 | Lair:2   | Killed an eight-headed hydra
 12367 | Lair:3   | Found a gate leading to a gauntlet.
 12394 | Lair:3   | Found a staircase to the Shoals.
 12402 | Lair:3   | HP: 1/54 [centaur/arrow (16)]
 12410 | Lair:3   | Reached skill level 14 in Summonings
 12544 | Gauntlet | Entered a Gauntlet
 12544 | Gauntlet | Found a transporter.
 12544 | Gauntlet | Found a transporter.
 12548 | Gauntlet | Found a transporter.
 12548 | Gauntlet | Found a transporter.
 12559 | Gauntlet | Found a transporter.
 12561 | Gauntlet | Noticed a queen ant
 12570 | Gauntlet | Found a transporter.
 12576 | Gauntlet | Noticed a sixfirhy
 12579 | Gauntlet | Noticed a sixfirhy
 12580 | Gauntlet | Found a transporter.
 12580 | Gauntlet | Found a transporter.
 12582 | Gauntlet | Noticed a sixfirhy
 12584 | Gauntlet | Found a transporter.
 12599 | Gauntlet | Noticed a thrashing horror
 12618 | Gauntlet | Found a transporter.
 12642 | Gauntlet | Noticed a seven-headed hydra
 12643 | Gauntlet | Noticed a death scarab
 12644 | Gauntlet | Found a transporter.
 12691 | Gauntlet | Found a transporter.
 12705 | Gauntlet | Found a transporter.
 12705 | Gauntlet | Noticed a sixfirhy
 12714 | Gauntlet | Noticed a sixfirhy
 12719 | Gauntlet | Found a transporter.
 12805 | Gauntlet | Found a transporter.
 12819 | Gauntlet | Found a transporter.
 12926 | Gauntlet | Demolished by a death scarab

Skill      XL: |  1  2  3  4  5  6  7  8  9 10 11 |
---------------+----------------------------------+-----
Spellcasting   | 3 4 5 7 10 | 10.0
Summonings     | 5 6 7 8 10 13 14 | 14.0
Hexes          | 3 4 7 |  7.0
Ice Magic      | 5 |  5.0
Air Magic      | 6 |  6.0
Dodging        | |  2.1
Stealth        | |  2.1

Action                   |  1- 3 |  4- 6 |  7- 9 | 10-12 || total
-------------------------+-------+-------+-------+-------++-------
Melee: Unarmed           |    19 |       |       |       ||    19
       Whip              |    46 |    25 |    53 |     7 ||   131
       Hand axe          |       |       |    38 |       ||    38
 Cast: Summon Small Mamm |    20 |       |     2 |       ||    22
       Call Imp          |    28 |    46 |   102 |     1 ||   177
       Call Canine Famil |     5 |    14 |    38 |       ||    57
       Summon Ice Beast  |       |       |    31 |     5 ||    36
       Slow              |       |       |     3 |       ||     3
       Summon Mana Viper |       |       |     7 |    37 ||    44
       Summon Lightning  |       |       |     3 |     8 ||    11
       Summon Hydra      |       |       |       |    11 ||    11
       Throw Frost       |       |       |       |     2 ||     2
Invok: Divine Energy     |       |       |     1 |       ||     1
Evoke: Wand              |       |       |     1 |       ||     1
  Use: Potion            |       |     1 |     2 |     2 ||     5
       Scroll            |       |       |     8 |     6 ||    14
 Stab: Sleeping          |     3 |     2 |     1 |       ||     6
       Distracted        |     1 |       |     1 |       ||     2
       Confused          |       |       |     1 |       ||     1
  Eat: Chunk             |     7 |     9 |    33 |    21 ||    70
       Ration            |       |       |       |     1 ||     1
Armor: Robe              |    15 |     8 |    21 |     1 ||    45
Dodge: Dodged            |    52 |    33 |    82 |    15 ||   182
